 Dungeon Crawl Stone Soup version 0.29.1-12-g30fa7ad0bf (webtiles) character file.

Game seed: 2511640989610641079

13 112233 the Ducker (level 2, -4/14 HPs)
             Began as a Felid Monk on Dec 22, 2022.
             Slain by a gnoll
             ... wielding a +0 halberd
             ... led by a gnoll bouda
              (14 damage)
             ... on level 4 of the Dungeon.
             The game lasted 00:00:22 (238 turns).

112233 the Ducker (Felid Monk)                       Turns: 238, Time: 00:00:23

Health: -4/14      AC:  1    Str:  7    XL:     2   Next: 24%
Magic:  3/3        EV: 19    Int: 11    God:
Gold:   23         SH:  0    Dex: 18    Spells: 1/1 levels left
                                        Lives:  0   Deaths: 0

rFire   . . .      SeeInvis +     - Unarmed
rCold   . . .      Faith    .   (shield unavailable)
rNeg    . . .      Spirit   .   (body armour unavailable)
rPois   .          Reflect  .   (helmet unavailable)
rElec   .          Harm     .   (cloak unavailable)
rCorr   .          Rampage  .   (gloves unavailable)
Will    .....                   (boots unavailable)
Stlth   +++.......              (no amulet)
HPRegen 0.04/turn               (no ring)
MPRegen 0.08/turn               (no ring)

@: quick
A: very small, claws 1, fangs 3, see invisible, speed 1, shaggy fur 1, stealthy
paws, no weapons or thrown items, no armour, multi-lived
a: no special abilities


You were on level 4 of the Dungeon.
You visited 1 branch of the dungeon, and saw 3 of its levels.

You collected 23 gold pieces.

Inventory:

Potions
 a - a potion of ambrosia


   Skills:
 + Level 3.2 Fighting
 + Level 4.2 Dodging
 + Level 3.1 Stealth
 + Level 3.1 Unarmed Combat


You had one spell level left.
You didn't know any spells.
Your spell library was empty.

Dungeon Overview and Level Annotations

Branches:
Dungeon (2/15)

Altars:


Innate Abilities, Weirdness & Mutations

You have sharp claws.
You have razor-sharp teeth.
You have supernaturally acute eyesight. (SInv)
You cover ground quickly. (Speed+)
You are covered in fur. (AC +1)
Your paws help you pounce on unaware monsters.
You are incapable of wielding weapons or throwing items.
You cannot wear armour.
You gain extra lives every three experience levels.


Message History

The gnoll is almost dead.
The gnoll hits you but does no damage.
You barely miss the gnoll.
The gnoll is almost dead.
The gnoll hits you with a +0 flail.
You barely miss the gnoll.
The gnoll is almost dead.
The gnoll hits you but does no damage.
You hit the gnoll.
You kill the gnoll!
Your Stealth skill increases to level 3!
You have reached level 2!
You start resting.
Your transformation is almost over.
You feel less wooden.
You start resting.
A hound comes into view.
A hound is nearby!
A hound is nearby!
A hound is nearby!
You see here a +0 flail. 3 gnolls come into view.
Found a scroll labelled VEMNEA LOAST.
The gnoll shouts!
You hear a shout! x2
A gnoll comes into view. It is wielding a +0 club.
The gnoll shouts! x2
A gnoll bouda comes into view. It is wielding a +0 club.
You hear a shout!
Found a scroll labelled LAPUYF GUO and 5 stones.
The gnoll throws a stone.
The stone completely misses you.
A goblin comes into view. It is wielding a +0 dagger.
Found a stone staircase leading down.
The gnoll hits you with a +0 spear.
A gnoll comes into view. It is wielding a +0 flail.
The gnoll misses you.
The gnoll throws a stone.
The stone misses you.
The gnoll shouts!
The gnoll completely misses you.
The gnoll hits you from afar with a +0 halberd!
Ouch! That really hurt!
You die...

..... g.. ##
............... ..
.........#....# ..
#.[.....#..g...#
####..####.#.......##
###..# #............#
....####.#....g.(...##.#
.###.........g.........#
.##..###.....gh.@.....#
##..## #.#.........##.#
...# #......g..g?..#
.......#..#........#
....####.#..g......#
.##. #..?.........# .#
.. #............# .$
....##.........# #..
.....>.


You could see a gnoll bouda, a hound, 5 gnolls and a goblin.

Vanquished Creatures
  A gnoll (D:4)
  A hobgoblin (D:1)
  A bat (D:2)
  A rat (D:2)
4 creatures vanquished.

Notes
Turn   | Place    | Note
-------+----------+-------------------------------------------
     0 | D:1      | 112233 the Felid Monk began the quest for the Orb.
     0 | D:1      | Reached XP level 1. HP: 10/10 MP: 2/2
   123 | D:2      | You fall into a shaft and drop 2 floors!
   149 | D:4      | Reached XP level 2. HP: 11/14 MP: 3/3
   238 | D:4      | Slain by a gnoll

Illustrated notes

Levels and vault maps discovered:
D:1:      lemuel_arrival_river_passageway, layout_rooms,
          minmay_misc_feat_rugged, roderic_st_hans_cross
D:2:      layout_rooms, chequers_ecumenical_altar_island, uniq_jessica
D:4:      layout_rooms, minmay_temple_entry_from_below_a, ebering_ghost_sewer_d,
          uniq_pargi

Skill      XL: |  1 |
---------------+----+-----
Stealth        | 3 |  3.1
Fighting       | |  3.2
Dodging        | |  4.2
Unarmed Combat | |  3.1

Action                   || total
-------------------------++-------
Melee: Unarmed           ||     9
       Bite              ||     1
  Use: Potion            ||     1
 Stab: Sleeping          ||     1
Armor: Skin              ||     2
Dodge: Dodged            ||     5
